 Dungeon Crawl Stone Soup version 0.21.1-1-g345015fe64 (webtiles) character file.

7247 GotenAND the Cleaver (level 10, -5/88 HPs)
             Began as a Deep Dwarf Fighter on July 5, 2018.
             Was a Follower of Makhleb.
             Impaled on a porcupine's spines (8 damage)
             ... on level 2 of the Lair of Beasts.
             The game lasted 00:25:56 (7335 turns).

GotenAND the Cleaver (Deep Dwarf Fighter)           Turns: 7335, Time: 00:25:56

Health: -5/88      AC: 10    Str: 23    XL:     10   Next: 88%
Magic:  0/0        EV:  7    Int:  9    God:    Makhleb [*.....]
Gold:   611        SH: 12    Dex: 12    Spells: 19/19 levels left

rFire    . . .     SeeInvis .   a - +2 war axe
rCold    . . .     Gourm    .   c - +0 shield
rNeg     + . .     Faith    .   y - +0 chain mail {rPois}
rPois    +         Spirit   .   (no helmet)
rElec    .         Reflect  .   (no cloak)
rCorr    +         Harm     .   (no gloves)
MR       +....                  (no boots)
Stlth    ..........             u - amulet of rage
HPRegen  0.00/turn              e - ring of resist corrosion
MPRegen  0.07/turn              r - ring of positive energy

@: non-regenerating
A: damage resistance, heal wounds, sense surroundings 2, no regeneration
a: Heal Wounds, Renounce Religion, Evoke Berserk Rage


You were on level 2 of the Lair of Beasts.
You worshipped Makhleb.
Makhleb was aware of your devotion.
You were hungry.

You visited 3 branches of the dungeon, and saw 11 of its levels.

You collected 611 gold pieces.

Inventory:

Hand Weapons
 a - a +2 war axe (weapon)
 s - a +1 flail of holy wrath
Armour
 c - a +0 shield (worn)
 y - a +0 chain mail of poison resistance (worn)
Jewellery
 e - a ring of resist corrosion (left hand)
 m - a +2 ring of dexterity
 r - a ring of positive energy (right hand)
 u - an amulet of rage (around neck)
 x - a cursed -2 ring of strength {unknown}
 E - the ring "Qolair" {rCorr rF+ Dex+2, unknown}
   (You found it on level 1 of the Lair of Beasts)

   [ring of resist corrosion]

   It affects your dexterity (+2).
   It protects you from fire.
Wands
 D - a wand of iceblast (7)
Scrolls
 g - 2 scrolls of teleportation
 t - 2 scrolls of amnesia
 v - a scroll of magic mapping
 w - 2 scrolls of remove curse
 F - a scroll of enchant armour {unknown}
Potions
 d - a potion of might
 h - a potion of brilliance
 i - 4 potions of agility
 j - a potion of resistance {unknown}
 k - a potion of cancellation {unknown}
 l - a potion of flight {unknown}
 n - a potion of heal wounds {unknown}
 o - 7 potions of curing
 q - 3 potions of haste
 A - a potion of invisibility {unknown}
 B - a potion of degeneration {unknown}
 G - a potion of magic {unknown}
Books
 C - a book of Necromancy

   Spells                             Type                      Level
   a - Pain                           Necromancy                   1
   b - Animate Skeleton               Necromancy                   1
   c - Vampiric Draining              Necromancy                   3
   d - Regeneration                   Charms/Necromancy            3
   e - Animate Dead                   Necromancy                   4
   f - Borgnjor's Vile Clutch         Necromancy/Earth             5
Comestibles
 f - 15 rations


   Skills:
 + Level 5.2 Fighting
 * Level 12.1 Axes
 + Level 7.3 Armour
 * Level 9.2 Shields
 - Level 5.0 Spellcasting
 * Level 0.3 Invocations


You had 19 spell levels left.
You didn't know any spells.

Dungeon Overview and Level Annotations

Branches:
Dungeon (8/15)             Temple (1/1) D:7            Lair (2/6) D:8
  Swamp: Lair:2-4    Shoals: Lair:2-4     Snake: Lair:2-4    Spider: Lair:2-4

Altars:
Ashenzari
Cheibriados
Elyvilon
Fedhas
Gozag
Hepliaklqana
Kikubaaqudgha
Makhleb
Nemelex Xobeh
Qazlal
Ru
Sif Muna
Trog
Uskayaw
Vehumet
Wu Jian
Zin

Shops:
D:4 (


Innate Abilities, Weirdness & Mutations

You are resistant to damage.
You can heal yourself by infusing magical energy.
You passively map the area around you.
You do not regenerate.


Message History

The porcupine twitches its whiskers.
The bullfrog hits you but does no damage.
You hit the hippogriff.
The hippogriff is lightly wounded.
You closely miss the bullfrog. You block the hippogriff's attack. x3
The bullfrog hits you.
You hit the hippogriff.
The hippogriff is moderately wounded.
You are struck by the porcupine's spines.
* * * LOW HITPOINT WARNING * * *
You hit the porcupine but do no damage. You barely miss the bullfrog.
The bullfrog hits you but does no damage.
The hippogriff bites you but does no damage.
You block the hippogriff's attack. The hippogriff completely misses you.
The bullfrog hits you.
You slash the hippogriff!
The hippogriff is severely wounded.
You hit the bullfrog. You miss the porcupine.
You are struck by the porcupine's spines.
You die...

, ,* ** * , , , *
,*## , * , ,.#* *
, #####. #* , .,,
##P#P.#+.##. , ,,
...,#........... ,
*
,,...>.+..rr......
, , ,#...@Hr..(..,
, , , *
#....F...... * * *
* ##.#.##.....* *
,* ###.# ...! * *
..# .#. * ,* ..# #
* , * ...* , * * *
* * ###. , ,* ** *
, ,


You could see a hippogriff, a bullfrog and 3 porcupines.

Vanquished Creatures
  Pikel (D:7)
  3 black mambas (Lair:1)
  3 spiny frogs (Lair:1)
  A komodo dragon (Lair:2)
  2 hippogriffs
  A spriggan (D:7)
  Duvessa (D:7)
  A water moccasin (Lair:1)
  A hornet zombie (D:6)
  3 porcupines
  An orc warrior (D:6)
  3 ice beasts
  2 phantoms
  4 ogres
  3 centaurs
  A crocodile (Lair:1)
  6 wolves (Lair:1)
  2 big kobolds
  8 bullfrogs
  Dowan (D:7)
  3 scorpions
  4 wights (D:6)
  A howler monkey (D:4)
  2 crimson imps
  A bullfrog zombie (D:8)
  A bullfrog skeleton (D:4)
  5 orc priests
  A hound (D:4)
  4 iguanas
  8 orc wizards
  2 worker ants (D:4)
  A howler monkey zombie (D:8)
  Robin (D:2)
  A howler monkey skeleton (D:5)
  7 adders
  7 gnolls
  2 oozes
  An adder zombie (D:5)
  2 adder skeletons
  6 worms
  A dart slug (D:1)
  The ghost of dscm the Digger, a weakling OpEE (D:4)
  4 leopard geckos
  27 orcs
  4 bats
  5 giant cockroaches
  11 goblins
  12 hobgoblins
  12 jackals
  5 quokkas
  4 frilled lizards
  A jackal skeleton (D:5)
  17 kobolds
  A quokka skeleton (D:6)
  12 rats
  A fungus (Lair:2)
226 creatures vanquished.

Vanquished Creatures (others)
  3 slaves (D:7)
3 creatures vanquished.

Grand Total: 229 creatures vanquished

Notes
Turn   | Place    | Note
-------+----------+-------------------------------------------
     0 | D:1      | GotenAND the Deep Dwarf Fighter began the quest for the Orb.
     0 | D:1      | Reached XP level 1. HP: 20/20 MP: 1/1
   173 | D:1      | Reached XP level 2. HP: 25/27 MP: 2/2
   675 | D:2      | Reached XP level 3. HP: 26/33 MP: 3/3
   821 | D:2      | Noticed Robin
   825 | D:2      | Reached skill level 3 in Axes
   835 | D:2      | Killed Robin
   921 | D:2      | Reached XP level 4. HP: 26/40 MP: 5/5
  1701 | D:3      | Reached skill level 4 in Axes
  1706 | D:3      | Reached skill level 1 in Spellcasting
  1896 | D:3      | Found a blossoming altar of Fedhas.
  1896 | D:3      | Found a hazy altar of Hepliaklqana.
  1901 | D:3      | Reached XP level 5. HP: 35/49 MP: 4/4
  2141 | D:4      | Reached skill level 5 in Axes
  2141 | D:4      | Reached XP level 6. HP: 50/56 MP: 4/6
  2374 | D:4      | Reached skill level 6 in Axes
  2428 | D:4      | Reached XP level 7. HP: 62/62 MP: 6/6
  2485 | D:4      | Reached skill level 5 in Shields
  2578 | D:4      | Found Ximei's Antique Weapon Boutique.
  2645 | D:4      | Noticed dscm's ghost (weakling OpEE)
  2650 | D:4      | Killed dscm's ghost
  2782 | D:4      | Noticed a moth of wrath
  2785 | D:4      | Found a bloodstained altar of Trog.
  3244 | D:5      | Entered Level 5 of the Dungeon
  3264 | D:5      | Reached skill level 7 in Axes
  3484 | D:5      | Reached XP level 8. HP: 69/70 MP: 7/7
  3708 | D:5      | Reached skill level 8 in Axes
  3926 | D:6      | Reached skill level 5 in Armour
  4571 | D:6      | Reached skill level 9 in Axes
  4582 | D:6      | Gained mutation: You passively map the area around you. [Deep Dwarf growth]
  4582 | D:6      | Reached XP level 9. HP: 51/78 MP: 5/5
  4922 | D:7      | Noticed Pikel
  4954 | D:7      | Killed Pikel
  4954 | D:7      | Reached skill level 10 in Axes
  4995 | D:7      | Found a staircase to the Ecumenical Temple.
  5002 | D:7      | Noticed Dowan
  5003 | D:7      | Noticed Duvessa
  5015 | D:7      | Killed Dowan
  5025 | D:7      | Killed Duvessa
  5040 | Temple   | Entered the Ecumenical Temple
  5080 | Temple   | Became a worshipper of Makhleb the Destroyer
  5402 | D:7      | Found an ornate altar of the Wu Jian Council.
  5737 | D:8      | Reached XP level 10. HP: 74/87 MP: 6/6
  5737 | D:8      | Reached * piety under Makhleb
  5942 | D:8      | Reached skill level 11 in Axes
  5962 | D:8      | Found a glowing silver altar of Zin.
  6013 | D:8      | Found a hide-covered altar of Uskayaw.
  6060 | D:8      | Found a white marble altar of Elyvilon.
  6107 | D:8      | Found a staircase to the Lair.
  6352 | Lair:1   | Entered Level 1 of the Lair of Beasts
  6352 | Lair:1   | Noticed a spiny frog
  6366 | Lair:1   | Killed a spiny frog
  6443 | Lair:1   | Noticed a spiny frog
  6447 | Lair:1   | Noticed a black mamba
  6453 | Lair:1   | Killed a spiny frog
  6458 | Lair:1   | Killed a black mamba
  6598 | Lair:1   | Noticed a black mamba
  6598 | Lair:1   | Noticed a black mamba
  6630 | Lair:1   | Killed a black mamba
  6630 | Lair:1   | Reached skill level 5 in Fighting
  6637 | Lair:1   | Killed a black mamba
  6721 | Lair:1   | Got a vibrating amber ring
  6732 | Lair:1   | Noticed a spiny frog
  6740 | Lair:1   | Killed a spiny frog
  6740 | Lair:1   | Reached skill level 12 in Axes
  7237 | Lair:2   | Reached skill level 5 in Spellcasting
  7284 | Lair:2   | Noticed a four-headed hydra
  7334 | Lair:2   | HP: 3/88 [porcupine's spines (10)]
  7335 | Lair:2   | Impaled on a porcupine's spines

Skill      XL: |  1  2  3  4  5  6  7  8  9 10 |
---------------+-------------------------------+-----
Axes           | 3 4 5 6 7 9 10 12 | 12.1
Fighting       | 3 4 5 |  5.2
Spellcasting   | 1 2 3 4 5 |  5.0
Shields        | 4 5 6 7 9 |  9.2
Armour         | 4 5 6 7 |  7.3
Invocations    | |  0.3

Action                   |  1- 3 |  4- 6 |  7- 9 | 10-12 || total
-------------------------+-------+-------+-------+-------++-------
Melee: War axe           |    88 |   170 |   481 |   182 ||   921
       Flail             |       |       |       |    26 ||    26
 Abil: Heal Wounds       |       |     7 |    34 |    30 ||    71
  Use: Scroll            |     3 |       |    11 |     3 ||    17
  Eat: Chunk             |       |     5 |     9 |     4 ||    18
       Ration            |       |       |     1 |       ||     1
Armor: Scale mail        |    43 |    59 |   139 |     1 ||   242
       Chain mail        |       |       |       |    99 ||    99
Dodge: Dodged            |    22 |    58 |   114 |    71 ||   265
Block: Shield            |    40 |    95 |   280 |   173 ||   588
